Map: Frozen Temple

Players

BoO - Winner!

  • Race: Zerg Zerg
  • League: Diamond

Raptor

  • Race: Zerg Zerg
  • League: Diamond

VOD

Have the link to the VOD?

Description

Time

  • Played on: Aug. 24, 2016, 7:06 p.m.
  • Length: 9:35
Show
View Real Time Build Order
Export as new Build Order

BoO Zerg - Winner!

Build Orders: Hatch First 

Get SALT Encoding   

  12  0:01  Drone  
  13  0:13  Overlord  
  13  0:18  Drone  
  14  0:32  Drone  
  14  0:33  Drone  
  16  0:36  Drone  
  17  0:54  Hatchery  
  16  0:57  Drone  
  16  1:01  Drone  
  16  1:03  Extractor  
  17  1:19  Spawning Pool  
  17  1:21  Drone  
  17  1:25  Drone  
  17  1:29  Drone  
  19  1:41  Overlord  
  19  1:53  Overlord  
  19  2:07  Queen  
  21  2:08  Queen  
  21  2:14  Metabolic Boost  
  23  2:19  Zergling x2  
  23  2:22  Zergling x2  
  25  2:27  Drone  
  26  2:31  Drone  
  26  2:33  Drone  
  28  2:37  Drone  
  28  2:43  Drone  
  30  2:47  Drone  
  30  2:49  Drone  
  32  2:52  Drone  
  33  3:00  Drone x2  
  35  3:08  Roach Warren  
  35  3:12  Drone  
  35  3:13  Drone  
  35  3:14  Evolution Chamber  
  35  3:17  Drone  
  35  3:19  Drone  
  37  3:21  Drone  
  37  3:23  Drone  
  37  3:25  Drone  
  40  3:29  Drone x2  
  40  3:32  Drone  
  43  3:34  Drone  
  43  3:38  Overlord  
  44  3:42  Zerg Missile Weapons Level 1  
  44  3:47  Extractor  
  43  3:59  Drone x3  
  46  4:09  Hatchery  
  45  4:11  Overlord x2  
  45  4:15  Roach  
  45  4:16  Roach x2  
  51  4:20  Overlord  
  51  4:31  Roach x2  
  51  4:32  Roach x4  
  51  4:36  Overlord  
  63  4:38  Overlord  
  63  4:42  Roach  
  65  4:46  Lair  
  65  4:51  Roach  
  67  4:59  Ravager  
  68  5:04  Roach x2  
  68  5:06  Extractor  
  71  5:15  Zergling x2  
  71  5:16  Zergling x8  
  71  5:21  Queen  
  78  5:23  Overlord x2  
  78  5:27  Roach x4  
  86  5:32  Ravager  
  87  5:44  Roach x3  
  87  5:48  Overseer  
  93  5:53  Drone x4  
  93  5:54  Extractor  
  96  5:59  Ravager  
  97  6:10  Glial Reconstitution  
  97  6:16  Drone x3  
  97  6:17  Zergling x8  
  97  6:18  Zergling x4  
  106  6:25  Overlord  
  106  6:26  Overlord x2  
  106  6:34  Overlord  
  106  6:35  Overlord  
  106  6:41  Zerg Missile Weapons Level 2  
  106  6:43  Extractor  
  106  6:44  Ravager x2  
  107  6:49  Zergling x16  
  107  6:53  Roach x2  
  119  6:59  Roach  
  121  7:05  Roach x4  
  121  7:07  Drone  
  130  7:10  Overlord  
  130  7:21  Overlord x2  
  130  7:22  Overlord  
  130  7:31  Drone x5  
  134  7:39  Roach  
  134  7:41  Roach x3  
  142  7:45  Roach  
  144  7:55  Roach x3  
  144  7:56  Roach x2  
  135  8:16  Roach  
  135  8:17  Roach x8  
  132  8:23  Roach x3  
  123  8:29  Drone x4  
  123  8:35  Roach x2  
  123  8:38  Drone x2  
  129  8:46  Roach x2  
  133  8:48  Ravager  
  133  8:49  Ravager x4  
  133  8:53  Roach x2  
  142  8:57  Roach  
  132  9:12  Roach x7  
Show
View Real Time Build Order
Export as new Build Order

Raptor Zerg 

Build Orders: Hatch First 

Get SALT Encoding   

  12  0:01  Drone  
  13  0:12  Drone  
  14  0:17  Overlord  
  14  0:36  Drone x3  
  17  0:56  Hatchery  
  16  1:08  Spawning Pool  
  16  1:10  Extractor  
  14  1:13  Drone  
  14  1:16  Drone  
  16  1:20  Drone  
  17  1:27  Drone  
  18  1:35  Drone  
  19  1:46  Overlord  
  19  1:55  Queen  
  19  1:57  Drone  
  22  2:07  Drone  
  22  2:08  Queen  
  23  2:10  Drone  
  26  2:18  Drone  
  26  2:19  Drone  
  28  2:30  Drone  
  29  2:43  Evolution Chamber  
  28  2:52  Roach Warren  
  27  2:58  Spine Crawler  
  27  3:00  Drone x3  
  27  3:01  Spine Crawler, Drone x2  
  27  3:05  Drone x2  
  32  3:06  Drone  
  32  3:11  Zerg Missile Weapons Level 1  
  33  3:17  Drone  
  33  3:18  Drone  
  35  3:21  Overlord  
  35  3:38  Drone  
  36  3:42  Lair  
  36  3:44  Extractor  
  36  3:45  Drone  
  36  3:46  Drone x3  
  36  3:48  Drone x3  
  42  3:58  Drone x2  
  42  4:01  Extractor  
  42  4:02  Drone, Extractor  
  44  4:03  Drone  
  44  4:04  Overlord  
  44  4:05  Overlord  
  44  4:19  Overlord  
  44  4:29  Roach x4  
  52  4:39  Roach x2  
  52  4:44  Hydralisk Den  
  55  4:52  Glial Reconstitution  
  55  4:54  Roach x3  
  55  4:55  Overlord x2  
  55  4:57  Drone x3  
  55  4:59  Drone  
  65  5:02  Roach  
  67  5:09  Ravager  
  68  5:15  Ravager  
  68  5:17  Roach x2  
  73  5:22  Roach x2  
  73  5:25  Zerg Ground Armor Level 1  
  77  5:32  Muscular Augments  
  77  5:37  Roach x2  
  77  5:40  Hydralisk  
  83  5:45  Overlord  
  83  5:46  Overlord x2  
  83  6:13  Hydralisk  
  83  6:14  Hydralisk x6  
  83  6:17  Roach x2  
  101  6:34  Roach  
  101  6:35  Roach x2  
  101  6:37  Overlord  
  101  6:38  Overlord x2  
  107  6:55  Overlord x2  
  107  7:02  Hydralisk x4  
  107  7:05  Roach  
  107  7:07  Ravager  
  107  7:08  Ravager x2  
  120  7:10  Roach  
  122  7:17  Roach x2  
  122  7:19  Hydralisk  
  128  7:27  Roach x2  
  132  7:39  Roach x5  
  142  7:46  Hydralisk x2  
  146  7:51  Roach  
  146  7:56  Overlord x2  
  101  8:23  Hydralisk  
  101  8:24  Hydralisk x7  
  101  8:25  Hydralisk  
  87  8:29  Roach  
  79  8:38  Hydralisk x2  
  83  8:43  Roach x2  
  83  8:46  Hydralisk  
  89  8:54  Roach x3  
Tags
 
Add a new tag
Caveats
  • Supply blocks, unpowered buildings, or Contaminate may cause inaccurate times.
  • Supply counts are checked every 10 seconds.